 Dungeon Crawl Stone Soup version 0.19-a0-1254-gb9c29c0 (webtiles) character file.

5338 Leszczynek the Basher (level 10, -1/102 HPs)
             Began as an Ogre Fighter on Aug 27, 2016.
             Was a Priest of Makhleb.
             Slain by a killer bee (3 damage)
             ... on level 7 of the Dungeon.
             The game lasted 00:31:27 (12513 turns).

Leszczynek the Basher (Ogre Fighter)               Turns: 12513, Time: 00:31:27

Health: -1/102     AC:  3    Str: 23    XL:     10   Next: 65%
Magic:  14/14      EV: 11    Int:  7    God:    Makhleb [***...]
Gold:   526        SH:  0    Dex: 12    Spells: 0 memorised, 9 levels left

rFire  . . .     SeeInvis .     a - +0 flail
rCold  + . .     Gourm    .     b - +0 robe
rNeg   . . .     Faith    .     c - +0 shield
rPois  .         Spirit   .     (helmet restricted)
rElec  .         Dismiss  .     (no cloak)
rCorr  .         Reflect  .     (gloves unavailable)
MR     +....     Harm     .     (boots unavailable)
Stlth  +.........               (no amulet)
                                (no ring)
                                s - ring of protection from cold

@: confused, lethally poisoned (-1 -> -7), very slightly contaminated, hasted,
very quick
A: unfitting armour, tough skin 1
a: Minor Destruction, Lesser Servant of Makhleb, Renounce Religion


You were on level 7 of the Dungeon.
You worshipped Makhleb.
Makhleb was most pleased with you.
You were hungry.

You visited 1 branch of the dungeon, and saw 9 of its levels.

You collected 526 gold pieces.

Inventory:

Hand Weapons
 a - a +0 flail (weapon)
Missiles
 l - 58 sling bullets
Armour
 b - a +0 robe (worn)
 c - a +0 shield (worn)
Jewellery
 s - a ring of protection from cold (left hand)
Scrolls
 d - 2 scrolls of amnesia {unknown}
 i - 2 scrolls of recharging
 j - a scroll of teleportation
 m - 3 scrolls of remove curse
 n - 2 scrolls of random uselessness {unknown}
 o - a scroll of magic mapping {unknown}
 p - 2 scrolls of enchant weapon
 q - a scroll of fog {unknown}
 u - a scroll of immolation {unknown}
 w - a scroll of enchant armour {unknown}
Potions
 e - a potion of lignification {unknown}
Comestibles
 f - 6 bread rations
 k - 3 meat rations
 x - 12 fruits
 z - 6 slices of pizza


   Skills:
 + Level 7.2 Fighting
 + Level 12.9 Maces & Flails
 + Level 3.2 Dodging
 * Level 8.8 Shields
 - Level 6.1 Invocations


You had 9 spell levels left.
You didn't know any spells.

Dungeon Overview and Level Annotations

Branches:
Dungeon (9/15)             Temple (0/1) D:6
   Lair: D:8-11         Orc: D:9-12

Altars:
Cheibriados
Fedhas
Gozag
Kikubaaqudgha
Makhleb
Qazlal
Sif Muna
Vehumet
Zin

Shops:
D:7 [

Annotations:
D:4 exclusion: statue
D:5 halberd gnoll, orc pack
D:6 exclusions: electric eel and 9 more exclusions
D:8 3-headed hydra


Innate Abilities, Weirdness & Mutations

You are too large for most types of armour.
You have tough skin. (AC +1)


Message History

Aim: a killer bee (almost dead)
The stone arrow misses the killer bee.
The killer bee stings you.
* * * LOW HITPOINT WARNING * * *
Press: ? - help, Shift-Dir - straight line, f/p - killer bee
Aim: a killer bee (almost dead)
The killer bee barely resists.
You feel sick. The killer bee barely misses you. The killer bee stings you.
* * * LOW HITPOINT WARNING * * *
You are lethally poisoned!
The killer bee poisons you!
You are confused.
You feel invigorated. The killer bee completely misses you.
* * * LOW HITPOINT WARNING * * *
You feel sick. The killer bee closely misses you.
You are feeling hungry.
The killer bee barely misses you.
You feel sick. The killer bee stings you!
* * * LOW HITPOINT WARNING * * *
The killer bee stings you.
You die...

#...(..#
##.......##........
####.###
##.....###.####.## #.#
##...## #.# #.## #†#
##'## #o# ##.## #.# #.#
#.# #)... #.# #.# #o#
#.... #.# ##.##
#.###.### #.#
######...## #........
#.# #...@y....#
#####.### #.#
##.####...########.#
#.###.#.####...........#
#....###.# #.###########
#####.#.## #.# ##.## #.#
### #.# #.# #[#


You could see a killer bee.

Vanquished Creatures
  2 dream sheep (D:8)
  4 yaks (D:8)
  2 hippogriffs
  A sky beast (D:7)
  3 ice beasts
  2 orc warriors (D:7)
  3 black bears
  A wolf (D:8)
  2 ogres (D:7)
  3 phantoms
  5 centaurs
  2 big kobolds
  2 giant frogs
  A water moccasin zombie (D:8)
  A scorpion (D:6)
  12 killer bees
  4 wights (D:7)
  2 electric eels (D:8)
  A crimson imp (D:7)
  A jelly (D:9)
  A centaur skeleton (D:4)
  2 gnoll shamans
  6 hounds
  2 orc priests (D:7)
  Ijyb (D:3)
  Jessica (D:2)
  2 iguanas
  8 orc wizards
  7 worker ants
  A killer bee zombie (D:6)
  A giant frog simulacrum (D:8)
  A hound skeleton (D:8)
  2 worker ant zombies
  12 gnolls
  8 adders
  3 shadow imps
  An ufetubus (D:8)
  2 adder skeletons (D:7)
  2 worms
  3 dart slugs
  4 giant geckos
  29 orcs
  3 bats
  7 giant cockroaches
  8 goblins
  7 hobgoblins
  3 jackals (D:1)
  2 quokkas
  A ball python (D:1)
  A giant gecko simulacrum (D:8)
  A giant gecko zombie (D:7)
  11 giant newts
  A jackal simulacrum (D:8)
  A jackal skeleton (D:4)
  8 kobolds
  2 rats
209 creatures vanquished.

Vanquished Creatures (others)
  Duvessa (D:6)
  Dowan (D:6)
  A white imp (D:8)
3 creatures vanquished.

Grand Total: 212 creatures vanquished

Notes
Turn   | Place    | Note
-------+----------+-------------------------------------------
     0 | D:1      | Leszczynek the Ogre Fighter began the quest for the Orb.
     0 | D:1      | Reached XP level 1. HP: 24/24 MP: 1/1
   106 | D:1      | Reached skill level 3 in Maces & Flails
   270 | D:1      | Reached XP level 2. HP: 32/32 MP: 2/2
   547 | D:1      | Reached skill level 4 in Maces & Flails
   803 | D:1      | i'm still asleep :/
  1101 | D:1      | Reached XP level 3. HP: 35/39 MP: 3/3
  1481 | D:2      | Found a deep blue altar of Sif Muna.
  1510 | D:2      | Noticed Jessica
  1514 | D:2      | Killed Jessica
  1514 | D:2      | Reached skill level 5 in Maces & Flails
  1514 | D:2      | Reached skill level 3 in Shields
  1514 | D:2      | Reached XP level 4. HP: 46/48 MP: 4/4
  1683 | D:2      | Found a snail-covered altar of Cheibriados.
  1939 | D:2      | Found a glowing silver altar of Zin.
  2091 | D:3      | Noticed Ijyb
  2113 | D:3      | Killed Ijyb
  2113 | D:3      | Reached XP level 5. HP: 44/54 MP: 5/5
  2434 | D:3      | Reached skill level 6 in Maces & Flails
  2472 | D:3      | Found a burning altar of Makhleb.
  2472 | D:3      | Found a stormy altar of Qazlal.
  2476 | D:3      | Became a worshipper of Makhleb the Destroyer
  2686 | D:3      | Reached XP level 6. HP: 62/62 MP: 6/6
  2954 | D:4      | Reached skill level 7 in Maces & Flails
  2954 | D:4      | Reached skill level 4 in Shields
  2995 | D:4      | Found a radiant altar of Vehumet.
  3764 | D:5      | Entered Level 5 of the Dungeon
  3958 | D:5      | Noticed a phantom
  4336 | D:5      | Killed a phantom
  4337 | D:5      | don't be able to kill it vs kill it with losing 5 hp
  4337 | D:5      | rng!
  4389 | D:5      | Reached skill level 8 in Maces & Flails
  4389 | D:5      | Reached XP level 7. HP: 56/70 MP: 7/7
  4876 | D:5      | Reached * piety under Makhleb
  5667 | D:5      | Reached skill level 9 in Maces & Flails
  5969 | D:6      | Killed Dowan
  5970 | D:6      | Killed Duvessa
  6044 | D:6      | Reached skill level 5 in Shields
  6073 | D:6      | Reached XP level 8. HP: 49/78 MP: 8/8
  6261 | D:6      | Reached skill level 10 in Maces & Flails
  6274 | D:6      | Found a blossoming altar of Fedhas.
  6275 | D:6      | Found an ancient bone altar of Kikubaaqudgha.
  7051 | D:6      | Found a staircase to the Ecumenical Temple.
  7337 | D:6      | Reached skill level 6 in Shields
  7608 | D:7      | Reached skill level 11 in Maces & Flails
  7899 | D:7      | Reached XP level 9. HP: 46/84 MP: 9/9
  7965 | D:7      | Found an opulent altar of Gozag.
  8308 | D:7      | Reached skill level 7 in Shields
  8822 | D:7      | Reached skill level 5 in Fighting
  8892 | D:7      | Reached ** piety under Makhleb
  9118 | D:7      | Reached skill level 6 in Fighting
  9651 | D:7      | Found Veosofo's Armour Shoppe.
  9947 | D:8      | Reached skill level 12 in Maces & Flails
  9947 | D:8      | Reached skill level 1 in Invocations
  9994 | D:8      | Reached skill level 2 in Invocations
 10196 | D:8      | Reached skill level 3 in Invocations
 10341 | D:8      | ;_;
 10382 | D:8      | Reached skill level 4 in Invocations
 10382 | D:8      | Reached XP level 10. HP: 39/100 MP: 11/13
 10391 | D:8      | Reached skill level 8 in Shields
 10730 | D:8      | Reached skill level 5 in Invocations
 11837 | D:7      | i've had easier games as an ogre
 11870 | D:8      | 1 bee left (?)
 11979 | D:8      | Reached skill level 6 in Invocations
 12019 | D:8      | plz
 12110 | D:8      | Reached skill level 3 in Dodging
 12175 | D:8      | Reached skill level 7 in Fighting
 12201 | D:8      | Noticed a three-headed hydra
 12202 | D:8      | oh
 12202 | D:8      | right
 12471 | D:8      | how many bees are in this level?
 12471 | D:8      | 14
 12471 | D:8      | cool
 12478 | D:8      | Reached *** piety under Makhleb
 12493 | D:7      | HP: 9/102 [killer bee (6)]
 12493 | D:7      | HP: 4/102 [killer bee (5)]
 12508 | D:7      | HP: 8/102 [killer bee (4)]
 12509 | D:7      | HP: 2/102 [killer bee (4)]
 12513 | D:7      | Slain by a killer bee

Vault maps used:
D:1:      dpeg_arrival_arbitrary_b
D:2:      cheibriados_altar_1, nicolae_overflow_crystal_walls, zin_academy,
          columned_hall_lemuel, uniq_jessica
D:3:      grunt_temple_overflow_open, first_bread, st_stairs_14,
          kennysheep_donut, uniq_iyjb
D:4:      vehumet_statue, kennysheep_generic_room_11
D:6:      lemuel_ice_spiral_2, grunt_temple_overflow_growth_and_decay,
          serial_bayou, serial_bayou_ford_a, serial_bayou_shore_b,
          serial_bayou_pond_c, serial_bayou_shore_b, uniq_duvessa
D:7:      nicolae_gozag_cash_rules_everything_around_me, serial_shops, shop
D:8:      serial_ice, serial_ice_h, serial_ice_f, serial_ice_k, serial_ice_m,
          hangedman_ranch
D:9:      kennysheep_mini, fedhas_altar_4

Skill      XL: |  1  2  3  4  5  6  7  8  9 10 |
---------------+-------------------------------+-----
Maces & Flails | 3 4 5 6 8 9 11 12 | 12.9
Shields        | 3 4 5 6 7 8 |  8.8
Fighting       | 6 7 |  7.2
Invocations    | 4 6 |  6.1
Dodging        | 3 |  3.2

Action                   |  1- 3 |  4- 6 |  7- 9 | 10-12 || total
-------------------------+-------+-------+-------+-------++-------
Melee: Flail             |    96 |   252 |   475 |   193 ||  1016
Invok: Minor Destruction |       |       |       |    33 ||    33
  Use: Potion            |     1 |       |       |     6 ||     7
       Scroll            |       |     7 |     5 |     1 ||    13
 Stab: Sleeping          |       |     2 |       |       ||     2
  Eat: Royal jelly       |     1 |       |     1 |       ||     2
       Chunk             |       |     9 |    14 |     2 ||    25
       Beef jerky        |       |       |     2 |       ||     2
       Fruit             |       |       |     1 |       ||     1
       Bread ration      |       |       |       |     1 ||     1
Armor: Robe              |    26 |    40 |    37 |    20 ||   123
Dodge: Dodged            |    32 |    66 |   108 |    98 ||   304
Block: Shield            |    37 |    99 |   210 |   137 ||   483
